 Dungeon Crawl Stone Soup version 0.32-a0-673-g3729bd50f8 (webtiles) character file.

Game seed: 7411501204586372776

1044 jasper the Sneak (level 8, -8/54 HPs)
             Began as an Octopode Fighter on Mar 10, 2024.
             Was a Follower of Wu Jian.
             Mangled by Edmund
             ... wielding a +4 heavy flail
              (18 damage)
             ... on level 6 of the Dungeon.
             The game lasted 00:06:39 (4905 turns).

jasper the Sneak (Octopode Fighter)                 Turns: 4905, Time: 00:06:39

Health: -8/54      AC:  1    Str: 17    XL:     8   Next: 25%
Magic:  8/8        EV: 13    Int: 11    God:    Wu Jian [*.....]
Gold:   271        SH:  6    Dex: 11    Spells: 7/7 levels left

rFire   + .          .
                       - Unarmed
rCold   . . .        a - +1 buckler
rNeg    . . .        (helmet restricted)
rPois   .            (no amulet)
rElec   .            h - ring of protection from fire
rCorr   .            g - ring of willpower
SInv    .            (no ring)
Will    +....        (no ring)
Stlth   ++++         (no ring)
HPRegen 0.29/turn    (no ring)
MPRegen 0.11/turn    (no ring)
                     (no ring)

%: no passive effects
@: no status effects
A: almost no armour, amphibious, 8 rings, camouflage 1, gelatinous body 1,
(nimble swimmer 1), tentacles
a: Renounce Religion


You were on level 6 of the Dungeon.
You worshipped Wu Jian.
Wu Jian was aware of your devotion.
You visited 2 branches of the dungeon, and saw 7 of its levels.

You collected 271 gold pieces.

Inventory:

Missiles
 c - 45 stones (quivered)
 q - 7 atropa-tipped darts
Armour
 a - a +1 buckler (worn)
 p - the orb of the Sky {*channel, Will- Str+5}
   (You found it on level 3 of the Dungeon)

   Str+5:     It affects your strength (+5).
   Will-:     It decreases your willpower.
Jewellery
 g - a ring of willpower (right tentacle)
 h - a ring of protection from fire (left tentacle)
Talismans
 r - a flux talisman
 s - a blade talisman
Scrolls
 e - 2 scrolls of blinking
 i - 5 scrolls of teleportation
 j - a scroll of identify
 l - a scroll of fog
 n - a scroll of poison
 u - a scroll of enchant weapon {unknown}
Potions
 b - 2 potions of might
 d - a potion of lignification
 f - 4 potions of mutation
 k - a potion of heal wounds {unknown}
 m - 2 potions of berserk rage {unknown}
 o - 2 potions of invisibility {unknown}
 t - 2 potions of haste {unknown}
 v - a potion of enlightenment {unknown}


   Skills:
 + Level 4.9 Fighting
 + Level 4.2 Dodging
 - Level 7.0 Stealth
 + Level 4.9 Shields
 + Level 5.0 Unarmed Combat


You had 7 spell levels left.
You didn't know any spells.
Your spell library contained the following spells:

 Spells                   Type           Power      Damage    Failure   Level
 Magic Dart               Conj           0%         1d3       41%         1
 Jinxbite                 Hex            0%         N/A       56%         2
 Searing Ray              Conj           0%         2d4       56%         2
 Fulminant Prism          Conj/Alch      0%         3d5       99%         4
 Yara's Violent Unravell  Hex/Alch       0%         3d3       100%        5
 Enfeeble                 Hex            0%         N/A       100%        7


Dungeon Overview and Level Annotations

Branches:
Dungeon (6/15)             Temple (1/1) D:4

Altars:
Ashenzari
Cheibriados
Dithmenos
Elyvilon
Fedhas
Gozag
Hepliaklqana
Kikubaaqudgha
Nemelex Xobeh
Okawaru
Qazlal
Ru
Sif Muna
Trog
Uskayaw
Vehumet
Wu Jian
Xom
Yredelemnul
Zin
The Shining One

Annotations:
D:6 Edmund


Innate Abilities, Weirdness & Mutations

You cannot wear most types of armour.
You are amphibious.
You can wear up to eight rings at the same time.
Your skin changes colour to match your surroundings (Stealth+).
Your rubbery body absorbs attacks. (AC +1, EV +1)
((You are camouflaged when in or above water. (Stealth+)))
You have tentacles for arms and can constrict up to eight enemies at once.


Message History

Edmund shouts!
The bullfrog barely misses you. The bullfrog hits you.
You take 1 damage, and have 53/54 hp.
You closely miss the bullfrog. You grab the bullfrog. You squeeze the bullfrog!
The bullfrog is almost dead.
You constrict the bullfrog!
You kill the bullfrog!
The Council accepts your kill.
Your Unarmed Combat skill increases to level 5!
Health restored: 54 You see here a bullfrog corpse.
You lunge at Edmund.
You tentacle-slap Edmund. You grab Edmund.
Edmund is lightly wounded.
You constrict Edmund. Edmund hits you with a +4 heavy flail!!
You take 18 damage, and have 36/54 hp.
MASSIVE DAMAGE!!
You bludgeon Edmund!
Edmund is moderately wounded.
You constrict Edmund. Edmund hits you with a +4 heavy flail!!
* * * LOW HITPOINT WARNING * * *
You take 21 damage, and have 15/54 hp.
MASSIVE DAMAGE!!
You bludgeon Edmund! You tentacle-slap Edmund.
Edmund is heavily wounded.
You constrict Edmund.
You tentacle-slap Edmund but do no damage.
Edmund is severely wounded.
You constrict Edmund. You block Edmund's attack.
You tentacle-slap Edmund.
Edmund is severely wounded.
You constrict Edmund, but do no damage. Edmund hits you with a +4 heavy flail.
* * * LOW HITPOINT WARNING * * *
You take 6 damage, and have 9/54 hp.
You tentacle-slap Edmund but do no damage.
Edmund is severely wounded.
You constrict Edmund.
You tentacle-slap Edmund but do no damage.
You squeeze Edmund.
Edmund is almost dead.
You constrict Edmund. Edmund hits you with a +4 heavy flail!!
You die...
Edmund whines, "They better pay attention to me now!"

#..
#.##.........#
.(#
#............####
).
####............#
#.
..............#
...##.........#
... ###.......#
.. #.......#
#...†...##
#...@....#
#...@......#
#.........##
.........>.#
#####.......#
####...## ####


You could see Edmund.

Vanquished Creatures
  Sigmund (D:2)
  A black bear (D:6)
  A centaur (D:5)
  A phantom (D:5)
  A bullfrog (D:6)
  A scorpion (D:5)
  A bombardier beetle (D:5)
  3 orc priests
  A hound (D:4)
  A jelly (D:4)
  4 iguanas
  A sleepcap (D:5)
  An orc wizard (D:5)
  3 gnolls (D:4)
  5 adders
  2 ufetubi (D:4)
  A dart slug (D:2)
  4 ribbon worms (D:2)
  10 orcs
  6 ball pythons
  3 endoplasms
  5 giant cockroaches
  5 goblins (D:2)
  7 hobgoblins
  2 jackals (D:4)
  5 quokkas
  3 bats
  5 frilled lizards
  5 kobolds
  6 rats
95 creatures vanquished.

Notes
Turn   | Place    | Note
-------+----------+-------------------------------------------
     0 | D:1      | jasper the Octopode Fighter began the quest for the Orb.
     0 | D:1      | Reached XP level 1. HP: 16/16 MP: 1/1
   131 | D:1      | Found a faded altar of an unknown god.
   863 | D:1      | Reached XP level 2. HP: 21/21 MP: 2/2
   865 | D:1      | Reached skill level 1 in Stealth
  1066 | D:2      | Reached skill level 2 in Stealth
  1116 | D:2      | Noticed Sigmund
  1123 | D:2      | Killed Sigmund
  1124 | D:2      | Reached skill level 6 in Stealth
  1124 | D:2      | Reached XP level 3. HP: 22/26 MP: 3/3
  1124 | D:2      | Reached XP level 4. HP: 26/31 MP: 4/4
  1124 | D:2      | Reached XP level 5. HP: 30/36 MP: 5/5
  1291 | D:2      | Reached skill level 7 in Stealth
  1632 | D:2      | You fall into a shaft and drop 1 floor!
  1701 | D:2      | Identified the +10 dagger of Extermination {elec, rPois
                  | Will+ Str+5}
  1908 | D:3      | Reached XP level 6. HP: 30/42 MP: 6/6
  1967 | D:3      | Identified the orb of the Sky {*channel, Will- Str+5}
  1970 | D:3      | Found an ancient bone altar of Kikubaaqudgha.
  2598 | D:4      | Found a staircase to the Ecumenical Temple.
  2740 | Temple   | Entered the Ecumenical Temple
  2750 | Temple   | Became a worshipper of the Wu Jian Council
  2905 | D:4      | Found the +3 giant club "Skullcrusher" {speed, Str+7}
  3627 | D:4      | Reached XP level 7. HP: 40/47 MP: 7/7
  3804 | D:5      | Entered Level 5 of the Dungeon
  3985 | D:5      | Found a bloodstained altar of Trog.
  4046 | D:5      | Found a glowing silver altar of Zin.
  4071 | D:5      | HP: 3/72 [centaur (5)]
  4343 | D:5      | Reached * piety under Wu Jian
  4473 | D:5      | Identified the +2 short sword of Execution {freeze, rElec
                  | Int+3}
  4555 | D:5      | Reached XP level 8. HP: 36/54 MP: 8/8
  4895 | D:6      | Noticed Edmund
  4898 | D:6      | Reached skill level 5 in Unarmed Combat
  4905 | D:6      | Mangled by Edmund

Illustrated notes

Levels and vault maps discovered:
D:1:      psy_arrival_radial01, layout_basic,
          shapermc_ecumenical_altar_flowoftime
D:2:      layout_loops_ring, uniq_sigmund
D:3:      layout_rooms, kiku_gazebo_garden_becter
D:4:      minmay_razor_zed, layout_rooms, minmay_temple_entry_proselytizer
D:5:      layout_basic, mainiacjoe_overflow_catch_the_wave
D:6:      layout_basic, serial_shops, nicolae_take_the_stairs, serial_undead,
          serial_undead_b, serial_undead_a, serial_undead_f, serial_undead_e,
          serial_undead_c, serial_undead_a, serial_undead_f, serial_undead_a,
          nicolae_titane, uniq_edmund
Temple:   dpeg_three_leaves_temple

Skill      XL: |  1  2  3  4  5  6  7  8 |
---------------+-------------------------+-----
Stealth        | 6 7 |  7.0
Unarmed Combat | 3 4 5 |  5.0
Fighting       | 4 |  4.9
Shields        | 4 |  4.9
Dodging        | 4 |  4.2

Action                     |  1- 3 |  4- 6 |  7- 9 || total
---------------------------+-------+-------+-------++-------
  Melee: Unarmed           |    30 |   124 |    72 ||   226
         Tentacles         |    10 |    23 |    19 ||    52
         Constrict         |     9 |    35 |    19 ||    63
         Punch             |     1 |     2 |     8 ||    11
Ability: Lunge             |       |     3 |    10 ||    13
    Use: Scroll            |       |     8 |     3 ||    11
         Potion            |       |       |     4 ||     4
   Stab: Sleeping          |     5 |    17 |     4 ||    26
         Distracted        |     1 |       |     1 ||     2
 Armour: Skin              |     7 |    62 |    41 ||   110
  Dodge: Dodged            |     7 |    65 |    18 ||    90
  Block: Buckler           |     6 |    16 |    15 ||    37

Table legend: (Time is in decaauts)
 A = Elapsed time spent in this place.
 B = Non-inter-level travel time spent in this place.
 C = Inter-level travel time spent in this place.
 D = Time resting spent in this place.
 E = Time spent auto-exploring this place.
 F = Levels seen in this place.
 G = Mean time per level.
                   A        B        C        D        E       F      G
               +--------+--------+--------+--------+--------+-----+--------+
         Total |   4898 |   4772 |    126 |   1048 |   2934 |   7 |  699.7 |
       Dungeon |   4874 |   4757 |    117 |   1048 |   2934 |   6 |  812.3 |
        Temple |     23 |     14 |      9 |      0 |      0 |   1 |   23.0 |
               +--------+--------+--------+--------+--------+-----+--------+

Top non-repeatable levels by time:
     D:4: 1359 daAuts
     D:1: 1050 daAuts
     D:5: 1020 daAuts
     D:2: 753 daAuts
     D:3: 613 daAuts
     D:6: 76 daAuts
  Temple: 23 daAuts
